 Dungeon Crawl Stone Soup version 0.30.1-11-g7821555f0a (webtiles) character file.

Game seed: 7417313633618264139

50419 boopmooplesden the Bludgeoner (level 14, -6/193 HPs)
             Began as a Minotaur Fighter on Jan 13, 2024.
             Was an Elder of Trog.
             Mangled by an ogre mage
             ... wielding a +0 halberd
              (16 damage)
             ... on level 15 of the Dungeon.
             The game lasted 00:28:43 (12762 turns).

boopmooplesden the Bludgeoner (Minotaur Fighter)   Turns: 12762, Time: 00:28:44

Health: -6/193     AC: 17    Str: 24    XL:     14   Next: 19%
Magic:  13/13      EV: 16    Int:  5    God:    Trog [****..]
Gold:   2198       SH: 13    Dex: 12    Spells: 13/13 levels left

rFire   + + +        n - +9 mace of the Baking Madman {heavy, rC+}
rCold   + + .        I - +0 kite shield
rNeg    . . .        e - +4 leather armour "Kemiog" {rElec rF++ Regen+}
rPois   +            t - +2 hat
rElec   +            K - +2 cloak
rCorr   .            v - +2 pair of gloves
SInv    .            (no boots)
Will    +++..        (no amulet) Stlth
                     h - ring of protection from cold
HPRegen 2.32/turn    A - ring "Pinle Dax" {rPois rF+}
MPRegen 0.13/turn

%: no passive effects
@: berserking, strong-willed, regenerating, very quick
A: horns 2, retaliatory headbutt
a: Renounce Religion, Berserk, Trog's Hand, Brothers in Arms


You were on level 15 of the Dungeon.
You worshipped Trog.
Trog was greatly pleased with you.
You visited 2 branches of the dungeon, and saw 16 of its levels.
You also visited: Sewer and Gauntlet.

You collected 2198 gold pieces.

Inventory:

Hand Weapons
 n - the +9 mace of the Baking Madman (weapon) {heavy, rC+}
   (You found it on level 3 of the Dungeon)

   rC:        It protects you from cold.
 y - the +1 hand axe of Grace {protect, rElec rF- Int+2 SInv}
   (You found it on level 4 of the Dungeon)

   Int:       It affects your intelligence (+2).
   rF:        It makes you vulnerable to fire.
   rElec:     It insulates you from electricity.
   SInv:      It lets you see invisible.
 U - the +7 great mace "Igab" {vamp, *Rage rN+ Will+}
   (You found it on level 11 of the Dungeon)

   rN:        It protects you from negative energy.
   *Rage:     It berserks you when you make melee attacks (+20% chance).
   Will:      It increases your willpower.
 W - the +10 executioner's axe of Bino {freeze, *Rage rElec rF+ Str+3}
   (You found it in a Gauntlet)

   Str:       It affects your strength (+3).
   rF:        It protects you from fire.
   rElec:     It insulates you from electricity.
   *Rage:     It berserks you when you make melee attacks (+20% chance).
Missiles
 D - 9 javelins (quivered)
 P - 2 throwing nets
Armour
 c - a +0 buckler
 e - the +4 leather armour "Kemiog" (worn) {rElec rF++ Regen+}
   (You found it in a sewer)

   rF:        It greatly protects you from fire.
   rElec:     It insulates you from electricity.
   Regen:     It increases your rate of health regeneration.
 f - a +0 chain mail
 t - a +2 hat (worn)
 v - a +2 pair of gloves (worn)
 w - a +0 cloak
 I - a +0 kite shield (worn)
 K - a +2 cloak (worn)
 Y - the +1 chain mail of Sokhluyni {Str+2}
   (You found it on level 12 of the Dungeon)

   Str:       It affects your strength (+2).
 Z - a +0 plate armour
Jewellery
 g - a ring of fire
 h - a ring of protection from cold (left hand)
 m - a +4 ring of protection
 A - the ring "Pinle Dax" (right hand) {rPois rF+}
   (You found it on level 4 of the Dungeon)

   [ring of protection from fire]

   rF:        It protects you from fire.
   rPois:     It protects you from poison.
 O - a ring of fire
 S - a +5 ring of evasion
Wands
 a - a wand of acid (5)
 p - a wand of mindburst (16)
 q - a wand of flame (64)
 C - a wand of paralysis (29)
 M - a wand of iceblast (15)
 V - a wand of polymorph (6)
Scrolls
 j - 2 scrolls of fear
 l - 15 scrolls of identify
 o - 8 scrolls of teleportation
 E - a scroll of blinking
 G - 2 scrolls of fog
 T - a scroll of magic mapping
Potions
 b - 4 potions of magic
 d - 2 potions of might
 i - 2 potions of haste
 x - a potion of brilliance
 F - 2 potions of curing
 J - a potion of heal wounds
 L - 3 potions of invisibility
 N - 2 potions of resistance
 Q - 2 potions of attraction
 R - a potion of degeneration {unknown}
Miscellaneous
 z - a condenser vane
 B - a phantom mirror
 X - a lightning rod (4/4)


   Skills:
 + Level 13.6 Fighting
 + Level 5.9(11.4) Axes
 + Level 15.1(15.5) Maces & Flails
 + Level 9.1 Armour
 + Level 12.0 Dodging
 + Level 4.1 Stealth
 + Level 14.5 Shields


You had 13 spell levels left.
You didn't know any spells.
Your spell library contained the following spells:

 Spells                   Type           Power      Damage    Failure   Level
 Summon Small Mammal      Summ           0%         N/A       65%         1
 Blink                    Tloc           0%         N/A       80%         2
 Call Canine Familiar     Summ           0%         N/A       95%         3
 Inner Flame              Hex/Fire       0%         N/A       95%         3
 Summon Guardian Golem    Hex/Summ       0%         N/A       95%         3
 Manifold Assault         Tloc           0%         N/A       100%        4
 Summon Lightning Spire   Summ/Air       0%         N/A       100%        4
 Yara's Violent Unravell  Hex/Tmut       0%         3d3       100%        5
 Enfeeble                 Hex            0%         N/A       100%        7
 Storm Form               Tmut/Air       0%         N/A       100%        7
 Maxwell's Capacitive Co  Air            0%         ∞         100%        8


Dungeon Overview and Level Annotations

Branches:
Dungeon (15/15)            Temple (1/1) D:4            Lair (0/5) D:10
    Orc (0/2) D:12         Vaults (0/5) D:13          Sewer (visited)
Gauntlet (visited)
 Depths: D:15

Altars:
Ashenzari
Cheibriados
Dithmenos
Elyvilon
Fedhas
Gozag
Hepliaklqana
Kikubaaqudgha
Makhleb
Nemelex Xobeh
Okawaru
Qazlal
Ru
Sif Muna
Trog
Uskayaw
Vehumet
Wu Jian
Xom
Yredelemnul
Zin
The Shining One

Shops:
D:4 (   D:11 *   D:14 (

Annotations:
D:4 2 runed translucent doors
D:9 exclusion: obsidian statue
D:15 Ohizum Sulib's ghost, journeyman VSFi
Temple 2 transporters


Innate Abilities, Weirdness & Mutations

You have a pair of horns on your head.
You reflexively headbutt those who attack you in melee.


Message History

The eight-headed hydra misses you.
The eight-headed hydra bites you but does no damage.
The eight-headed hydra bites you.
You bludgeon the eight-headed hydra!! You headbutt the eight-headed hydra!
The eight-headed hydra is severely wounded.
Something hits you!
* * * LOW HITPOINT WARNING * * *
The eight-headed hydra bites you but does no damage.
You block the eight-headed hydra's attack.
The eight-headed hydra bites you!
* * * LOW HITPOINT WARNING * * *
The eight-headed hydra bites you.
* * * LOW HITPOINT WARNING * * *
The eight-headed hydra closely misses you.
The eight-headed hydra completely misses you.
The eight-headed hydra bites you.
* * * LOW HITPOINT WARNING * * *
The eight-headed hydra bites you but does no damage.
You thump the eight-headed hydra! You headbutt the eight-headed hydra.
You kill the eight-headed hydra!
Trog accepts your kill.
The centaur warrior shoots an arrow.
The arrow hits you!!
* * * LOW HITPOINT WARNING * * *
The centaur warrior unwields a +0 longbow.
The centaur warrior wields a staff of death.
The centaur warrior hits you but does no damage.
You writhe in agony.
* * * LOW HITPOINT WARNING * * *
You block the centaur warrior's attack. Something hits you!
* * * LOW HITPOINT WARNING * * *
You sock the centaur warrior!
The centaur warrior is moderately wounded.
You block the centaur warrior's attack.
The centaur warrior kicks you but does no damage.
You sock the centaur warrior! You headbutt the centaur warrior!!
The centaur warrior is almost dead.
You block the centaur warrior's attack.
The centaur warrior kicks you but does no damage.
Something hits you!
You die...

#...##..#
........##
#####.##..#..#
#.##..#..#
#.##..#..#
#.#..##.. ###
#.#..#..#?...
#.#..#.......
#@#.##)..# #
#c..#.# ##...
##..)##......
#...........
#..$......#.
###########


You could see a centaur warrior.

Vanquished Creatures
  Jorgrun (D:12)
  A minotaur (Gauntlet)
  Josephine (D:13)
  A yaktaur captain (D:15)
  4 hydras
  The ghost of Arctor the Fighter, a journeyman HuFi of Ashenzari (D:12)
  An ogre mage (D:12)
  2 centaur warriors (D:12)
  7 boulder beetles
  5 two-headed ogres
  2 tengu warriors
  A death yak (D:10)
  Sonja (D:12)
  The ghost of Kazon the Shield-Bearer, a novice GrFi of Makhleb (D:8)
  Lodul (D:11)
  2 skeletal warriors (D:15)
  Pikel (D:7)
  2 deep elf pyromancers (D:12)
  A wizard (D:13)
  A deep elf zephyrmancer (D:13)
  4 lindwurms (D:13)
  An orc knight (D:15)
  4 manticores
  8 ugly things
  6 cyclopes
  A moth of wrath (shapeshifter) (D:14)
  An elephant (D:10)
  A centaur zombie (D:12)
  4 gargoyles (D:12)
  Psyche (D:11)
  Maggie (D:9)
  4 tengu conjurers
  The ghost of turdburglar the Trooper, a novice GrGl of Nemelex Xobeh (D:4)
  2 kobold demonologists
  An efreet (D:12)
  A hornet (D:9)
  A meliai (shapeshifter) (D:15)
  6 trolls
  4 slime creatures
  Sigmund (D:2)
  2 water elementals (D:11)
  3 centaur simulacra (D:11)
  A shadow (D:9)
  2 vampires (D:12)
  7 wraiths
  13 yaks
  A wyvern (D:7)
  A basilisk (D:11)
  A basilisk (shapeshifter) (D:14)
  3 steam dragons
  Menkaure (D:7)
  3 vampire mosquitoes (D:12)
  3 wargs (D:12)
  Edmund (D:4)
  2 water moccasins
  An acid dragon (D:12)
  Duvessa (D:7)
  A meliai simulacrum (D:12)
  4 orc warriors
  2 sky beasts (D:7)
  5 black bears
  3 ice beasts
  9 ogres
  9 centaurs
  A phantom (D:7)
  2 kobold brigands
  5 bullfrogs
  3 gnoll sergeants
  2 scorpions
  7 wights
  Dowan (D:7)
  16 killer bees
  3 electric eels (D:11)
  3 howler monkeys
  A gnoll bouda (D:5)
  6 orc priests
  6 hounds
  3 jellies
  2 iguanas
  A boggart zombie (D:12)
  10 orc wizards
  21 gnolls
  16 adders
  2 shadow imps
  2 white imps (D:11)
  2 ufetubi
  3 worms
  A dart slug (D:1)
  35 orcs
  12 ball pythons
  6 endoplasms
  10 giant cockroaches
  6 hobgoblins
  6 jackals
  6 quokkas
  4 bats (D:1)
  9 frilled lizards
  7 goblins
  24 kobolds
  10 rats
423 creatures vanquished.

Vanquished Creatures (others)
  A water moccasin (D:8)
  A hornet simulacrum (D:15)
  An orc wizard (D:9)
3 creatures vanquished.

Grand Total: 426 creatures vanquished

Notes
Turn   | Place    | Note
-------+----------+-------------------------------------------
     0 | D:1      | boopmooplesden the Minotaur Fighter began the quest for the
                  | Orb.
     0 | D:1      | Reached XP level 1. HP: 19/19 MP: 0/0
   110 | D:1      | Reached XP level 2. HP: 26/27 MP: 1/1
   299 | D:1      | Reached XP level 3. HP: 32/33 MP: 2/2
   323 | D:1      | Found a faded altar of an unknown god.
  1153 | D:2      | Reached XP level 4. HP: 40/40 MP: 3/3
  1527 | D:2      | Noticed Sigmund
  1546 | D:2      | Killed Sigmund
  1547 | D:2      | Reached skill level 5 in Axes
  1547 | D:2      | Reached skill level 1 in Dodging
  1547 | D:2      | Reached XP level 5. HP: 31/47 MP: 4/4
  1837 | D:3      | Identified the +9 mace of the Baking Madman {heavy, rC+}
  2693 | D:4      | Reached XP level 6. HP: 55/55 MP: 5/5
  2883 | D:4      | Found Darrusch's Antique Weapon Shoppe.
  2890 | D:4      | Reached skill level 5 in Fighting
  2918 | D:4      | Found a large runed translucent door.
  2918 | D:4      | Found a large runed translucent door.
  2936 | D:4      | Found a large runed translucent door.
  2936 | D:4      | Found a large runed translucent door.
  2943 | D:4      | Reached skill level 5 in Armour
  2954 | D:4      | Reached skill level 1 in Maces & Flails
  2966 | D:4      | Identified the +1 hand axe of Grace {protect, rElec rF-
                  | Int+2 SInv}
  2976 | D:4      | Identified the ring "Pinle Dax" {rPois rF+}
  3013 | D:4      | Noticed Edmund
  3021 | D:4      | Killed Edmund
  3022 | D:4      | Reached skill level 2 in Maces & Flails
  3022 | D:4      | Reached skill level 1 in Stealth
  3022 | D:4      | Reached XP level 7. HP: 54/61 MP: 6/6
  3122 | D:4      | Found a runed translucent gate.
  3123 | D:4      | Found a runed translucent gate.
  3123 | D:4      | Found a runed translucent gate.
  3274 | D:4      | Found a staircase to the Ecumenical Temple.
  3371 | D:4      | Reached skill level 3 in Maces & Flails
  3474 | D:4      | Reached skill level 5 in Shields
  3639 | D:4      | Noticed turdburglar's ghost (novice GrGl)
  3658 | D:4      | Killed turdburglar's ghost
  3659 | D:4      | Reached skill level 4 in Maces & Flails
  3659 | D:4      | Reached XP level 8. HP: 50/69 MP: 7/7
  3745 | D:5      | Entered Level 5 of the Dungeon
  3838 | D:5      | Reached skill level 5 in Maces & Flails
  4225 | D:5      | Found a glowing drain.
  4244 | Sewer    | Entered a sewer
  4533 | Sewer    | Reached skill level 6 in Maces & Flails
  4537 | Sewer    | Identified the +4 leather armour "Kemiog" {rElec rF++
                  | Regen+}
  4887 | D:5      | Reached skill level 7 in Maces & Flails
  5125 | D:6      | Reached XP level 9. HP: 61/78 MP: 8/8
  5155 | D:6      | Found a blossoming altar of Fedhas.
  5157 | D:6      | Found a radiant altar of Vehumet.
  5226 | D:6      | Reached skill level 8 in Maces & Flails
  5379 | D:6      | Found an opulent altar of Gozag.
  5381 | D:6      | Found a shadowy altar of Dithmenos.
  5382 | D:6      | Found a white marble altar of Elyvilon.
  5767 | D:7      | Noticed Pikel
  5782 | D:7      | Paralysed by Pikel for 2 turns
  5787 | D:7      | Killed Pikel
  5788 | D:7      | Reached skill level 9 in Maces & Flails
  5829 | D:7      | Noticed Menkaure
  5836 | D:7      | Killed Menkaure
  5903 | D:7      | Reached skill level 10 in Maces & Flails
  6062 | D:7      | Reached XP level 10. HP: 86/88 MP: 9/9
  6108 | D:7      | Noticed Duvessa
  6109 | D:7      | Noticed Dowan
  6112 | D:7      | Killed Duvessa
  6131 | D:7      | Killed Dowan
  6184 | D:7      | Reached skill level 5 in Dodging
  6576 | D:8      | Found a runed translucent gate.
  6576 | D:8      | Found a runed translucent gate.
  6576 | D:8      | Found a runed translucent gate.
  6579 | D:8      | Noticed Kazon's ghost (novice GrFi)
  6580 | D:8      | Noticed an 11-headed hydra
  6866 | D:8      | Killed an 11-headed hydra
  6874 | D:8      | Killed Kazon's ghost
  6875 | D:8      | Reached skill level 11 in Maces & Flails
  6924 | D:9      | Noticed Maggie
  6937 | D:9      | Killed Maggie
  6999 | D:9      | Noticed a two-headed ogre
  7008 | D:9      | Killed a two-headed ogre
  7237 | D:9      | Reached XP level 11. HP: 91/97 MP: 10/10
  7361 | D:9      | Noticed a two-headed ogre
  7372 | D:9      | Killed a two-headed ogre
  7394 | D:9      | Reached skill level 10 in Fighting
  7663 | D:9      | Noticed an obsidian statue
  7664 | D:9      | Noticed a soul eater
  7839 | D:10     | Entered Level 10 of the Dungeon
  7888 | D:10     | Found a staircase to the Lair.
  7904 | D:10     | Reached skill level 12 in Maces & Flails
  8144 | D:10     | Noticed a death yak
  8154 | D:10     | Killed a death yak
  8358 | D:10     | Noticed a two-headed ogre
  8365 | D:10     | Killed a two-headed ogre
  8539 | D:11     | Noticed Psyche
  8544 | D:11     | Killed Psyche
  8597 | D:11     | Reached skill level 10 in Shields
  8619 | D:11     | Found Pacecziz's General Store.
  8801 | Temple   | Entered the Ecumenical Temple
  8801 | Temple   | Found a transporter.
  8801 | Temple   | Found a transporter.
  8803 | Temple   | Found a transporter.
  8803 | Temple   | Found a transporter.
  8835 | Temple   | Became a worshipper of Trog the Wrathful
  9259 | D:11     | Identified the +7 great mace "Igab" {vamp, *Rage rN+ Will+}
  9324 | D:11     | Noticed a boulder beetle
  9341 | D:11     | Killed a boulder beetle
  9444 | D:11     | Noticed Lodul
  9468 | D:11     | Reached skill level 13 in Maces & Flails
  9469 | D:11     | Reached XP level 12. HP: 97/108 MP: 11/11
  9529 | D:11     | Reached * piety under Trog
  9537 | D:11     | Killed Lodul
  9624 | D:11     | Noticed a boulder beetle
  9639 | D:11     | Killed a boulder beetle
  9911 | D:12     | Noticed a boulder beetle
  9922 | D:12     | Killed a boulder beetle
  9964 | D:12     | Noticed Jorgrun
  9986 | D:12     | Killed Jorgrun
 10002 | D:12     | Noticed Sonja
 10014 | D:12     | Killed Sonja
 10019 | D:12     | Noticed a centaur warrior
 10037 | D:12     | Killed a centaur warrior
 10065 | D:12     | Found a staircase to the Orcish Mines.
 10402 | D:12     | Found a gate leading to a gauntlet.
 10411 | Gauntlet | Entered a Gauntlet
 10411 | Gauntlet | Found a transporter.
 10413 | Gauntlet | Noticed a tengu warrior
 10416 | Gauntlet | Found a transporter.
 10416 | Gauntlet | Found a transporter.
 10422 | Gauntlet | Killed a tengu warrior
 10428 | Gauntlet | Found a transporter.
 10441 | Gauntlet | Found a transporter.
 10473 | Gauntlet | Noticed a minotaur
 10485 | Gauntlet | Killed a minotaur
 10486 | Gauntlet | Reached skill level 14 in Maces & Flails
 10491 | Gauntlet | Identified the +10 executioner's axe of Bino {freeze, *Rage
                  | rElec rF+ Str+3}
 10774 | D:12     | Reached ** piety under Trog
 10777 | D:12     | Reached skill level 10 in Dodging
 10793 | D:12     | Found a runed translucent door.
 10825 | D:12     | Noticed a boulder beetle
 10837 | D:12     | Killed a boulder beetle
 10838 | D:12     | Reached XP level 13. HP: 116/118 MP: 12/12
 11045 | D:12     | Identified the +0 robe of the Invisible Knaves {Regen+
                  | Int+4}
 11048 | D:12     | Identified the +1 chain mail of Sokhluyni {Str+2}
 11144 | D:12     | Found a runed translucent door.
 11234 | D:12     | Found a runed translucent gate.
 11234 | D:12     | Found a runed translucent gate.
 11234 | D:12     | Found a runed translucent gate.
 11234 | D:12     | Noticed Arctor's ghost (journeyman HuFi)
 11236 | D:12     | Found a basalt altar of Yredelemnul.
 11262 | D:12     | Killed Arctor's ghost
 11489 | D:13     | Found a gate to the Vaults.
 11493 | D:13     | Reached *** piety under Trog
 11652 | D:13     | Noticed Josephine
 11702 | D:13     | Killed Josephine
 12010 | D:13     | Identified the staff of air "Riugupi" {rElec Will+}
 12020 | D:13     | Identified a scroll of acquirement
 12020 | D:13     | Acquired 646 gold pieces
 12478 | D:14     | Found Arewar's Antique Weapon Shop.
 12556 | D:14     | You fall into a shaft and drop 1 floor!
 12556 | D:15     | Entered Level 15 of the Dungeon
 12566 | D:15     | Noticed Ohizum Sulib's ghost (journeyman VSFi)
 12566 | D:15     | Noticed a minotaur
 12588 | D:15     | Reached skill level 15 in Maces & Flails
 12608 | D:15     | Reached XP level 14. HP: 106/129 MP: 13/13
 12716 | D:15     | Reached **** piety under Trog
 12760 | D:15     | HP: 6/193 [something (8)]
 12762 | D:15     | Mangled by an ogre mage

Illustrated notes

Levels and vault maps discovered:
D:1:      doesnt_arrival_eight_statues, layout_loops_ring,
          shapermc_ecumenical_altar_mp_highgroup, dreamdust_mushroom_princess
D:2:      layout_basic, st_stairs_11, uniq_sigmund
D:3:      layout_loops_corners
D:4:      layout_basic, minmay_temple_entry_antechambers,
          ebering_ghost_rock_garden, serial_shops,
          nicolae_shop_overgrown_old_shop, minmay_hollow_rounded_squares,
          uniq_edmund
D:5:      layout_loops_ring, cheibrodos_sewer_entry_bend,
          nicolae_elevator_lobby_plus
D:6:      layout_basic, nicolae_overflow_hidden_temple
D:7:      layout_basic, uniq_menkaure, uniq_pikel, uniq_duvessa
D:8:      layout_rooms, gammafunk_ghost_hydra_chop
D:9:      minmay_statue_hallways, layout_irregular_city, uniq_maggie
D:10:     layout_loops_cross, david_lair_generic
D:11:     layout_loops_ring, serial_shops, shop, serial_ice, serial_ice_m,
          serial_ice_j, serial_ice_a, serial_ice_g, serial_ice_h, serial_ice_e,
          serial_ice_o, serial_ice_b, uniq_psyche, uniq_lodul
D:12:     minmay_the_grid_triangle_9x9_rhombus_full
          [minmay_the_grid_triangle_9x9_tough_junction,
          minmay_the_grid_triangle_9x9_zippers_vertical,
          minmay_the_grid_triangle_9x9_negative_grid,
          minmay_the_grid_triangle_9x9_zippers_horizontal,
          minmay_the_grid_triangle_9x9_thin_v,
          minmay_the_grid_triangle_9x9_stretched_checkered,
          minmay_the_grid_triangle_9x9_descending_squares,
          minmay_the_grid_triangle_9x9_prize_top_heavy], layout_loops_corners,
          minmay_orc_entry_guard_dogs, gauntlet_entry_generic,
          nicolae_yredelemnul_ghost_church, uniq_jorgrun, uniq_sonja
D:13:     layout_basic, david_vaults_1, minmay_lindwurm_lava, uniq_josephine
D:14:     layout_roguey, serial_shops, shop
D:15:     grunt_enter_depths_giant_problem, layout_basic,
          hangedman_decor_riveting, maelrawn_ghost_gauntlet_escape,
          serial_undead, serial_undead_e, serial_undead_a, serial_undead_e,
          serial_undead_d, minmay_pinched_square
Temple:   hellmonk_temple_divided_pantheon

Skill      XL: |  1  2  3  4  5  6  7  8  9 10 11 12 13 14 |
---------------+-------------------------------------------+-----
Shields        | 4 5 6 8 10 12 14 | 14.5
Fighting       | 4 5 6 7 9 10 12 13 | 13.6
Armour         | 4 5 6 7 8 9 |  9.1
Axes           | 3 5 |  5.9
Dodging        | 1 2 4 6 8 10 11 12 | 12.0
Maces & Flails | 2 4 7 10 11 13 14 15 | 15.1
Stealth        | 1 2 3 4 |  4.1

Action                     |  1- 3 |  4- 6 |  7- 9 | 10-12 | 13-15 || total
---------------------------+-------+-------+-------+-------+-------++-------
  Melee: War axe           |    89 |    33 |       |       |       ||   122
         Headbutt          |    11 |    11 |    28 |   100 |    90 ||   240
         Mace              |       |    35 |   209 |   462 |   286 ||   992
 Invoke: Berserk           |       |       |       |     2 |     4 ||     6
         Trog's Hand       |       |       |       |       |     1 ||     1
    Use: Scroll            |       |     4 |    12 |     8 |     7 ||    31
         Potion            |       |     2 |     2 |     4 |     2 ||    10
   Stab: Distracted        |       |       |       |     1 |       ||     1
         Sleeping          |       |       |       |     1 |     2 ||     3
 Armour: Scale mail        |    32 |       |       |       |       ||    32
         Chain mail        |    30 |    27 |    70 |       |       ||   127
         Leather armour    |       |       |    41 |   211 |   112 ||   364
  Dodge: Dodged            |    54 |    21 |   111 |   305 |   177 ||   668
  Block: Buckler           |    28 |    18 |    57 |    57 |       ||   160
         Kite shield       |       |       |       |   209 |   202 ||   411
